 Dungeon Crawl Stone Soup version 0.21-a0-442-g848f44b (console) character file.

6365 Ew the Magician (level 10, 0/68 HPs)
             Began as a Gnoll Ice Elementalist on Nov 11, 2017.
             Was a Believer of Sif Muna.
             Slain by an orc warlord
             ... wielding a +0 bardiche
              (23 damage)
             ... on level 8 of the Dungeon on Nov 15, 2017.
             The game lasted 00:37:13 (8909 turns).

Ew the Magician (Gnoll Ice Elementalist)            Turns: 8909, Time: 00:37:17

Health: 0/68       AC:  9    Str: 13    XL:     10   Next: 97%
Magic:  17/21      EV: 15    Int: 19    God:    Sif Muna [**....]
Gold:   465        SH: 10    Dex: 20    Spells: 6/24 levels left

rFire    + . .     SeeInvis .   a - +2 spear {pierce, *Noise rPois Str+2 Dex+5 Stlth+}
rCold    + . .     Gourm    +   V - +0 shield
rNeg     . . .     Faith    .   M - +0 leather armour
rPois    +         Spirit   .   J - +0 helmet
rElec    .         Reflect  .   e - +0 cloak
rCorr    .         Harm     .   m - +1 pair of gloves
MR       .....     Rnd*Rage +   D - +0 pair of boots
Stlth    +++++.....             N - amulet of the gourmand
HPRegen  0.21/turn              S - ring of protection from fire
MPRegen  0.17/turn              z - ring of wizardry

@: very slightly contaminated, divine energy
A: distributed training, fangs 1, talons 2, berserk 1, blurry vision 1, cold
resistance 1, dopey 1, frail 1, strong nose
a: Stop Divine Energy, Renounce Religion


You were on level 8 of the Dungeon.
You worshipped Sif Muna.
Sif Muna was pleased with you.
You were very full.

You visited 4 branches of the dungeon, and saw 12 of its levels.

You collected 570 gold pieces.
You spent 105 gold pieces at shops.

Inventory:

Hand Weapons
 a - the +2 spear of Cierich (weapon) {pierce, *Noise rPois Str+2 Dex+5 Stlth+}
   (You found it on level 5 of the Dungeon)

   It inflicts extra damage upon your enemies.
   It affects your strength (+2).
   It affects your dexterity (+5).
   It protects you from poison.
   It may make noises in combat.
   It makes you more stealthy.
 c - a +0 blowgun
Missiles
 q - 17 poisoned needles
 B - 8 javelins (quivered)
Armour
 e - a +0 cloak (worn)
 m - a +1 pair of gloves (worn)
 D - a +0 pair of boots (worn)
 J - a +0 helmet (worn)
 M - a +0 leather armour (worn)
 V - a +0 shield (worn)
Jewellery
 z - a ring of wizardry (right hand)
 N - an amulet of the gourmand (around neck)
 R - an uncursed ring of flight
 S - a ring of protection from fire (left hand)
Wands
 h - a wand of confusion (23/48)
 t - a wand of lightning (7/15)
 w - a wand of scattershot (6/9)
 K - a wand of iceblast (9/15)
 P - a wand of digging (17/24)
 U - a wand of paralysis (14/24)
Scrolls
 b - a scroll of silence
 g - 3 scrolls of magic mapping {unknown}
 j - 6 scrolls of remove curse
 k - 4 scrolls of teleportation {unknown}
 s - 2 scrolls of enchant armour {unknown}
 y - a scroll of acquirement {unknown}
 G - a scroll of fog
 H - a scroll of blinking
Potions
 d - a potion of cancellation
 f - a potion of ambrosia
 i - 3 potions of heal wounds
 p - a potion of brilliance {unknown}
 r - a potion of agility {unknown}
 v - 2 potions of curing
 F - a potion of mutation {unknown}
Comestibles
 A - 2 royal jellies
 I - 3 fruits


   Skills:
 + Level 5.6 Fighting
 + Level 5.6 Short Blades
 + Level 5.6 Long Blades
 + Level 5.6 Axes
 + Level 5.6 Maces & Flails
 + Level 5.6 Polearms
 + Level 5.6 Staves
 + Level 5.6 Slings
 + Level 5.6 Bows
 + Level 5.6 Crossbows
 + Level 5.6 Throwing
 + Level 5.6 Armour
 + Level 7.3 Dodging
 + Level 7.1 Stealth
 + Level 5.6 Shields
 + Level 5.6 Unarmed Combat
 + Level 7.6 Spellcasting
 + Level 5.2 Conjurations
 + Level 4.6 Hexes
 + Level 4.6 Charms
 + Level 4.6 Summonings
 + Level 4.6 Necromancy
 + Level 4.6 Translocations
 + Level 4.6 Transmutations
 + Level 4.6 Fire Magic
 + Level 7.3 Ice Magic
 + Level 4.6 Air Magic
 + Level 4.6 Earth Magic
 + Level 4.6 Poison Magic
 + Level 6.2 Invocations
 + Level 5.6 Evocations


You had 6 spell levels left.
You knew the following spells:

 Your Spells              Type           Power        Failure   Level  Hunger
b - Blink                 Tloc           N/A          3%          2    None
f - Freeze                Ice            ####         1%          1    None
m - Mephitic Cloud        Conj/Pois/Air  ####....     6%          3    #......
o - Ozocubu's Armour      Chrm/Ice       ####....     4%          3    #......
t - Throw Frost           Conj/Ice       ####..       1%          2    None
E - Summon Ice Beast      Ice/Summ       ####....     13%         4    ###....
F - Conjure Flame         Conj/Fire      ####....     6%          3    #......


Dungeon Overview and Level Annotations

Branches:
Dungeon (9/15)             Temple (1/1) D:7            Lair (1/6) D:9
    Orc (1/2) D:9

Altars:
Ashenzari
Cheibriados
Elyvilon
Fedhas
Gozag
Hepliaklqana
Kikubaaqudgha
Makhleb
Nemelex Xobeh
Qazlal
Ru
Sif Muna
Trog
Uskayaw
Vehumet
Wu Jian
Xom
Yredelemnul
Zin
The Shining One
Beogh

Shops:
D:9 *

Annotations:
D:2 exclusion: moth of wrath


Innate Abilities, Weirdness & Mutations

Your experience applies equally to all skills.
You have very sharp teeth.
Your uncanny sense of smell can sniff out nearby items.
You have razor-sharp toenails.
You tend to lose your temper in combat.
Scrolls take you a little longer to read.
Your flesh is cold resistant. (rC+)
You are dopey. (Int -2)
You are frail. (-10% HP)


Message History

Unknown command.
Unknown command.
There is a stone staircase leading up here.
Unknown command.
You block the orc warlord's attack.
There is a stone staircase leading up here.
You climb upwards.
There is a stone staircase leading down, spattered with blood here.
Things that are here:
a robe; a dagger The orc warlord hits you from afar with a bardiche!!
Ouch! That really hurt!
Unknown command.
Casting: Mephitic Cloud
Confirm with . or Enter, or press ? or * to list all spells.
You miscast Summon Ice Beast.
You are very lightly contaminated with residual magic.
Something forms from out of thin air!
The orc warlord hits you from afar with a bardiche!!
You die...

..#....##..#....#..........#.....
).#######..#....#..######'##.....
..#........#....#####............
#.#........'....#...#............
#.#........#....'...'.......#####
#.#........#....#####.......# #
#.'........#...[......###'### #
#.#....##..#......4...#.....# #
#.#....##..#.>o.@.....#.....# #
#.#.....#..#......[...#.....# #
###...<.'..#..........###'#######
..#.....#..######................
..#.....#..#....#................
.##....##..#....#................
.##....##..'....#................
...........##...#................
###........##...#.....######.....


You could see an orc warlord and a chaos spawn.

Vanquished Creatures
  Pikel (D:6)
  A komodo dragon (D:9)
  2 yaks (D:9)
  A hungry ghost (D:8)
  Grum (D:7)
  Eustachio (D:6)
  3 sky beasts
  5 orc warriors
  A necrophage (D:8)
  An eye of draining (D:8)
  2 ogres
  2 centaurs
  4 wolves
  3 big kobolds
  2 scorpions
  8 crimson imps
  A jelly (D:7)
  A bullfrog zombie (D:5)
  3 orc priests
  Crazy Yiuf (D:7)
  2 centaur zombies
  6 hounds
  2 bullfrog skeletons
  3 iguanas
  3 worker ants
  7 orc wizards
  A hound zombie (D:5)
  A howler monkey zombie (D:7)
  6 adders
  3 gnolls (D:8)
  A shadow imp (D:8)
  2 oozes
  2 adder skeletons
  4 worms
  6 leopard geckos
  44 orcs
  7 bats
  2 bat skeletons (D:7)
  2 bat zombies (D:7)
  5 giant cockroaches
  8 goblins
  3 hobgoblins (D:1)
  6 jackals
  A quokka (D:3)
  8 frilled lizards
  A giant cockroach zombie (D:6)
  7 kobolds
  A quokka zombie (D:8)
  8 rats
  3 plants (D:9)
199 creatures vanquished.

Vanquished Creatures (collateral kills)
  2 two-headed ogres (D:9)
  A cyclops (D:6)
  The ghost of ShadedKnight the Ogre Mage, an amateur OgWz of Okawaru (D:3)
  A troll (D:9)
  A yak (D:9)
  An orc warrior (D:8)
  2 black bears
  An ice beast (D:9)
  A necrophage (D:7)
  An ogre (D:6)
  A bullfrog (D:6)
  A scorpion (D:9)
  2 vampire bats (D:7)
  A centaur zombie (D:7)
  2 crimson imps
  2 hounds (D:7)
  2 jellies (D:9)
  An orc wizard (D:7)
  A worker ant (D:7)
  A hound skeleton (D:4)
  An adder (D:9)
  A shadow imp (D:5)
  2 orcs
  A bat skeleton (D:7)
  A jackal (D:6)
  A bat (D:3)
  A leopard gecko zombie (D:5)
34 creatures vanquished.

Vanquished Creatures (others)
  A howler monkey (D:6)
  A leopard gecko (D:6)
  A ball python (D:6)
  12 plants (D:9)
15 creatures vanquished.

Grand Total: 248 creatures vanquished

Notes
Turn   | Place    | Note
-------+----------+-------------------------------------------
     0 | D:1      | Ew the Gnoll Ice Elementalist began the quest for the Orb.
     0 | D:1      | Reached XP level 1. HP: 13/13 MP: 6/6
   121 | D:1      | Reached XP level 2. HP: 19/19 MP: 7/7
   771 | D:2      | Reached skill level 5 in Spellcasting
   771 | D:2      | Reached XP level 3. HP: 16/25 MP: 5/9
   775 | D:2      | Learned a level 2 spell: Throw Frost
   779 | D:2      | Learned a level 3 spell: Ozocubu's Armour
   910 | D:2      | Noticed a moth of wrath
   913 | D:2      | Found a bloodstained altar of Trog.
   955 | D:2      | Reached skill level 1 in Invocations
  1137 | D:2      | Reached skill level 1 in Fighting
  1137 | D:2      | Reached skill level 1 in Short Blades
  1137 | D:2      | Reached skill level 1 in Long Blades
  1137 | D:2      | Reached skill level 1 in Axes
  1137 | D:2      | Reached skill level 1 in Maces & Flails
  1137 | D:2      | Reached skill level 1 in Polearms
  1137 | D:2      | Reached skill level 1 in Staves
  1137 | D:2      | Reached skill level 1 in Slings
  1137 | D:2      | Reached skill level 1 in Bows
  1137 | D:2      | Reached skill level 1 in Crossbows
  1137 | D:2      | Reached skill level 1 in Throwing
  1137 | D:2      | Reached skill level 1 in Armour
  1137 | D:2      | Reached skill level 1 in Shields
  1137 | D:2      | Reached skill level 1 in Unarmed Combat
  1137 | D:2      | Reached skill level 1 in Evocations
  1137 | D:2      | Reached XP level 4. HP: 32/32 MP: 11/11
  1148 | D:2      | Learned a level 4 spell: Summon Ice Beast
  1196 | D:2      | Found an ornate altar of the Wu Jian Council.
  1752 | D:3      | Found a faded altar of an unknown god.
  1806 | D:3      | Learned a level 2 spell: Blink
  1841 | D:3      | Noticed ShadedKnight's ghost (amateur OgWz)
  1849 | D:3      | Killed ShadedKnight's ghost
  1849 | D:3      | Reached skill level 1 in Hexes
  1849 | D:3      | Reached skill level 1 in Charms
  1849 | D:3      | Reached skill level 1 in Summonings
  1849 | D:3      | Reached skill level 1 in Necromancy
  1849 | D:3      | Reached skill level 1 in Translocations
  1849 | D:3      | Reached skill level 1 in Transmutations
  1849 | D:3      | Reached skill level 1 in Fire Magic
  1849 | D:3      | Reached skill level 1 in Air Magic
  1849 | D:3      | Reached skill level 1 in Earth Magic
  1849 | D:3      | Reached skill level 1 in Poison Magic
  1849 | D:3      | Reached XP level 5. HP: 23/37 MP: 3/12
  2137 | D:4      | Reached XP level 6. HP: 16/44 MP: 3/13
  2458 | D:4      | Found a sparkling altar of Nemelex Xobeh.
  2669 | D:4      | Reached skill level 5 in Dodging
  2966 | D:5      | Entered Level 5 of the Dungeon
  2975 | D:5      | Learned a level 3 spell: Mephitic Cloud
  3033 | D:5      | Reached XP level 7. HP: 38/50 MP: 11/15
  3164 | D:5      | Gained mutation: Scrolls take you a little longer to read. [mutagenic meat]
  3165 | D:5      | Gained mutation: Your flesh is cold resistant. (rC+) [mutagenic meat]
  3167 | D:5      | Gained mutation: You are dopey. (Int -2) [mutagenic meat]
  3419 | D:5      | Got a steaming spear
  3581 | D:5      | Reached skill level 5 in Stealth
  3953 | D:6      | Noticed Eustachio
  3961 | D:6      | Killed Eustachio
  3961 | D:6      | Reached XP level 8. HP: 55/57 MP: 11/16
  4122 | D:6      | Learned a level 3 spell: Conjure Flame
  4145 | D:6      | Noticed Pikel
  4171 | D:6      | Killed Pikel
  4223 | D:6      | Noticed a cyclops
  4233 | D:6      | Killed a cyclops
  4329 | D:6      | Reached XP level 9. HP: 60/65 MP: 14/18
  4347 | D:6      | Found a shimmering altar of Xom.
  4802 | D:7      | Found a runed door.
  4878 | D:7      | Found a shattered altar of Ashenzari.
  5130 | D:7      | Found a staircase to the Ecumenical Temple.
  5139 | Temple   | Entered the Ecumenical Temple
  5343 | Temple   | Became a worshipper of Sif Muna the Loreminder
  5580 | D:7      | Found a stormy altar of Qazlal.
  5634 | D:7      | Found a radiant altar of Vehumet.
  5711 | D:7      | Found an ancient bone altar of Kikubaaqudgha.
  6020 | D:7      | Noticed Crazy Yiuf
  6024 | D:7      | Killed Crazy Yiuf
  6048 | D:7      | Identified the +2 spear of Cierich {pierce, *Noise rPois Str+2 Dex+5 Stlth+} (You found it on level 5 of the Dungeon)
  6130 | D:8      | Noticed Grum
  6373 | D:7      | Gained mutation: You are frail. (-10% HP) [mutagenic meat]
  6374 | D:7      | Gained mutation: You tend to lose your temper in combat. [mutagenic meat]
  6375 | D:7      | Gained mutation: You have sharp toenails. [mutagenic meat]
  6376 | D:7      | Gained mutation: You have razor-sharp toenails. [mutagenic meat]
  6510 | D:7      | Killed Grum
  6510 | D:7      | Reached skill level 5 in Invocations
  6746 | D:8      | Reached XP level 10. HP: 65/65 MP: 8/20
  6812 | D:8      | Found a hide-covered altar of Uskayaw.
  6991 | D:8      | Reached * piety under Sif Muna
  7023 | D:8      | Reached skill level 5 in Fighting
  7023 | D:8      | Reached skill level 5 in Short Blades
  7023 | D:8      | Reached skill level 5 in Long Blades
  7023 | D:8      | Reached skill level 5 in Axes
  7023 | D:8      | Reached skill level 5 in Maces & Flails
  7023 | D:8      | Reached skill level 5 in Polearms
  7023 | D:8      | Reached skill level 5 in Staves
  7023 | D:8      | Reached skill level 5 in Slings
  7023 | D:8      | Reached skill level 5 in Bows
  7023 | D:8      | Reached skill level 5 in Crossbows
  7023 | D:8      | Reached skill level 5 in Throwing
  7023 | D:8      | Reached skill level 5 in Armour
  7023 | D:8      | Reached skill level 5 in Shields
  7023 | D:8      | Reached skill level 5 in Unarmed Combat
  7023 | D:8      | Reached skill level 5 in Evocations
  7074 | D:8      | Upgraded the game from 0.21-a0-440-g28109cb to 0.21-a0-442-g848f44b
  7622 | D:8      | Found a roughly hewn altar of Beogh.
  8090 | D:9      | Found a shattered altar of Ashenzari.
  8117 | D:9      | Noticed a two-headed ogre
  8125 | D:9      | Killed a two-headed ogre
  8154 | D:9      | Reached skill level 5 in Conjurations
  8382 | D:9      | Noticed a two-headed ogre
  8416 | D:9      | Killed a two-headed ogre
  8438 | D:9      | Found a staircase to the Lair.
  8463 | D:9      | Reached ** piety under Sif Muna
  8470 | Lair:1   | Entered Level 1 of the Lair of Beasts
  8691 | D:9      | Found a staircase to the Orcish Mines.
  8740 | D:9      | Found Zixy's General Store.
  8748 | D:9      | Bought a scroll of silence for 105 gold pieces
  8762 | D:9      | Found a blossoming altar of Fedhas.
  8854 | Orc:1    | Entered Level 1 of the Orcish Mines
  8854 | Orc:1    | Noticed an orc warlord
  8909 | D:8      | Slain by an orc warlord

Vault maps used:
D:1:      dpeg_arrival_rooms_a, hex_large
D:2:      tgw_trog, lemuel_doored_altar
D:3:      chequers_ecumenical_altar_lobes, roderic_lattice_a
D:4:      nemelex_xobeh_ov_fountains_minmay
D:5:      first_bread
D:6:      lemuel_crystal_altar, uniq_pikel, uniq_eustachio
D:7:      kennysheep_mini, nicolae_qazlal_eye_of_the_storm,
          kennysheep_vampire_church, temple_fountains, evilmike_ruin_ashenzari,
          uniq_crazy_yiuf_cottage
D:8:      eat_drink_and_be_merry_uskayaw, special_room, kb_rosetta, uniq_grum
D:9:      nicolae_overflow_crystal_walls, nicolae_overflow_hidden_temple,
          fedhas_altar_2, david_lair_shrubbed, orc_0_dummy, serial_shops,
          shop_fountains
Temple:   dpeg_chambers_temple
Lair:1:   minmay_lair_oklob_chamber, grunt_megastairs_4, serial_bayou_shore_b
Orc:1:    enter_bailey_3, nicolae_orc_rich_vein

Skill      XL: |  1  2  3  4  5  6  7  8  9 10 |
---------------+-------------------------------+-----
Conjurations   | 2 3 4 5 |  5.2
Spellcasting   | 5 6 7 |  7.6
Invocations    | 1 2 3 4 5 6 |  6.2
Fighting       | 1 2 3 4 5 |  5.6
Short Blades   | 1 2 3 4 5 |  5.6
Long Blades    | 1 2 3 4 5 |  5.6
Axes           | 1 2 3 4 5 |  5.6
Maces & Flails | 1 2 3 4 5 |  5.6
Polearms       | 1 2 3 4 5 |  5.6
Staves         | 1 2 3 4 5 |  5.6
Slings         | 1 2 3 4 5 |  5.6
Bows           | 1 2 3 4 5 |  5.6
Crossbows      | 1 2 3 4 5 |  5.6
Throwing       | 1 2 3 4 5 |  5.6
Armour         | 1 2 3 4 5 |  5.6
Shields        | 1 2 3 4 5 |  5.6
Unarmed Combat | 1 2 3 4 5 |  5.6
Evocations     | 1 2 3 4 5 |  5.6
Hexes          | 1 2 3 4 |  4.6
Charms         | 1 2 3 4 |  4.6
Summonings     | 1 2 3 4 |  4.6
Necromancy     | 1 2 3 4 |  4.6
Translocations | 1 2 3 4 |  4.6
Transmutations | 1 2 3 4 |  4.6
Fire Magic     | 1 2 3 4 |  4.6
Air Magic      | 1 2 3 4 |  4.6
Earth Magic    | 1 2 3 4 |  4.6
Poison Magic   | 1 2 3 4 |  4.6
Dodging        | 5 6 7 |  7.3
Stealth        | 5 6 7 |  7.1
Ice Magic      | 6 7 |  7.3

Action                   |  1- 3 |  4- 6 |  7- 9 | 10-12 || total
-------------------------+-------+-------+-------+-------++-------
Melee: Dagger            |    16 |    48 |   236 |       ||   300
       Bite              |     1 |     8 |    28 |    36 ||    73
       Punch             |       |       |     1 |       ||     1
       Spear             |       |       |    34 |   345 ||   379
 Cast: Freeze            |    34 |    43 |   135 |     8 ||   220
       Summon Ice Beast  |       |     2 |    19 |    11 ||    32
       Ozocubu's Armour  |       |     1 |     9 |     9 ||    19
       Mephitic Cloud    |       |       |     8 |    24 ||    32
       Throw Frost       |       |       |     2 |       ||     2
       Blink             |       |       |     1 |       ||     1
       Conjure Flame     |       |       |       |     2 ||     2
Invok: Divine Energy     |       |       |       |     1 ||     1
  Use: Scroll            |       |       |     7 |     4 ||    11
 Stab: Sleeping          |     5 |     5 |    12 |     4 ||    26
       Confused          |       |       |     8 |    24 ||    32
       Distracted        |       |       |     1 |     1 ||     2
  Eat: Chunk             |     1 |     6 |    31 |     9 ||    47
Armor: Robe              |     6 |    21 |    33 |       ||    60
       Leather armour    |       |       |   148 |    40 ||   188
Dodge: Dodged            |    14 |    49 |   308 |    74 ||   445
Block: Shield            |       |       |    24 |   110 ||   134

Table legend:
 A = Spawn XP
 B = Non-spawn XP
 C = Spawn XP percentage of total XP
 D = Spawn monster count
 E = Non-spawn monster count
 F = Spawn count percentage of total count
 G = Total turns spent on level
                    A         B        C        D         E        F      G
               +---------+---------+-------+---------+---------+-------+---------
         Total |       0 |    9094 |   0.0 |       0 |     230 |   0.0 |  8909
               +---------+---------+-------+---------+---------+-------+---------
           D:1 |       0 |      33 |   0.0 |       0 |      17 |   0.0 |   732
           D:2 |       0 |      58 |   0.0 |       0 |      14 |   0.0 |   698
           D:3 |       0 |     198 |   0.0 |       0 |      16 |   0.0 |   868
           D:4 |       0 |     253 |   0.0 |       0 |      11 |   0.0 |   668
           D:5 |       0 |     575 |   0.0 |       0 |      20 |   0.0 |   987
           D:6 |       0 |    1608 |   0.0 |       0 |      27 |   0.0 |   821
           D:7 |       0 |    1592 |   0.0 |       0 |      39 |   0.0 |  1494
           D:8 |       0 |    1997 |   0.0 |       0 |      63 |   0.0 |  1390
           D:9 |       0 |    2780 |   0.0 |       0 |      23 |   0.0 |   864
               +---------+---------+-------+---------+---------+-------+---------
